 Dungeon Crawl Stone Soup version 0.24-a0-115-gd155597332 (webtiles) character file.

785693 Morbidden the Hoplite (level 27, -4/277 (279) HPs)
             Began as a Naga Fighter on Jan 26, 2019.
             Was the Champion of Cheibriados.
             Slain by an Executioner (5 damage)
             ... summoned by an ancient lich
             ... on level 5 of the Realm of Zot on Feb 16, 2019.
             The game lasted 04:28:19 (70722 turns).

Morbidden the Hoplite (Naga Fighter)               Turns: 70722, Time: 04:28:19

HP:   -4/277 (279)  AC: 49    Str: 42    XL:     27
MP:   0/44          EV: 14    Int: 32    God:    Cheibriados [******]
Gold: 7298          SH: 41    Dex: 28    Spells: 52/60 levels left

rFire    + + .     SeeInvis +   F - +9 broad axe (vamp)
rCold    + + .     Gourm    .   S - +8 large shield of Giogass {rN+ rCorr Dex+3 Slay+3}
rNeg     + + .     Faith    .   d - +8 gold dragon scales
rPois    +         Spirit   +   p - +2 hat of the Bear Spirit {Spirit, +Rage rN+ MR++}
rElec    +         Reflect  +   X - scarf {rC+ rF+}
rCorr    +         Harm     .   t - +2 pair of gloves {archery}
MR       +++++     Rnd*Tele +   l - +4 naga barding
Stlth    ..........             B - +4 amulet of reflection
HPRegen  0.00/turn              N - ring of Gero {Str+3 Slay+3}
MPRegen  0.29/turn              U - ring "Mixkocs" {Wiz rElec Int+6 Stlth-}

@: lethally poisoned (-4 -> -18), about to teleport, studying Translocations,
lightly drained, very slow
A: large, claws 1, horns 1, stinger 1, thin metallic scales 1, see invisible,
clumsy 1, deformed body, poison resistance, screaming 2, slowness 2, inhibited
regeneration, slow metabolism 1, spit poison 1, teleportitis 2, weak 2, subdued
magic 1, MP-powered wands, constrict 1, AC +9
}: 5/15 runes: barnacled, slimy, silver, abyssal, gossamer
a: Spit Poison, Bend Time, Temporal Distortion, Slouch, Step From Time, Renounce
Religion, Evoke Berserk Rage


You were on level 5 of the Realm of Zot.
You worshipped Cheibriados.
Cheibriados was exalted by your worship.
You were not hungry.

You visited 13 branches of the dungeon, and saw 59 of its levels.
You visited the Abyss 11 times.
You also visited: Trove, Ossuary and Gauntlet.

You collected 8566 gold pieces.
You spent 1268 gold pieces at shops.

Inventory:

Hand Weapons
 b - a +9 demon whip of electrocution
 F - a +9 vampiric broad axe (weapon)
Missiles
 s - 16 poisoned javelins
 y - 61 silver javelins
 D - 17 javelins of returning
 J - 52 javelins (quivered)
Armour
 d - +8 gold dragon scales (worn)
 l - a +4 naga barding (worn)
 p - the +2 hat of the Bear Spirit (worn) {Spirit, +Rage rN+ MR++}
   (You acquired it on level 5 of the Vaults)

   It protects you from negative energy.
   It affects your resistance to hostile enchantments.
   It lets you go berserk.
 t - a +2 pair of gloves of archery (worn)
 S - the +8 large shield of Giogass (worn) {rN+ rCorr Dex+3 Slay+3}
   (You took it off a daeva on level 1 of the Abyss)

   It affects your dexterity (+3).
   It affects your accuracy and damage with ranged weapons and melee attacks
   (+3).
   It protects you from negative energy.
   It provides partial protection from all sources of acid and corrosion.
 X - a scarf of resistance (worn)
Jewellery
 g - the amulet of the Four Winds {rN+ MR+++ Clar}
   (You found it on level 3 of the Crypt)

   [amulet of nothing]

   It protects you from negative energy.
   It affects your resistance to hostile enchantments.
   It protects you against confusion.
 B - a +4 amulet of reflection (around neck)
 K - the ring "Deiggiot" {rCorr rElec Str+4}
   (You found it on level 5 of the Vaults)

   [ring of resist corrosion]

   It affects your strength (+4).
   It insulates you from electricity.
 L - the ring "Viure" {rPois rN++ Dex+3}
   (You found it in a Gauntlet)

   [ring of poison resistance]

   It affects your dexterity (+3).
   It protects you from poison.
   It greatly protects you from negative energy.
 N - the ring of Gero (left hand) {Str+3 Slay+3}
   (You took it off an ogre mage on level 5 of the Vaults)

   [ring of slaying]

   It affects your strength (+3).
   It affects your accuracy and damage with ranged weapons and melee attacks
   (+3).
 U - the ring "Mixkocs" (right hand) {Wiz rElec Int+6 Stlth-}
   (You took it off a tengu warrior on level 1 of the Depths)

   [ring of wizardry]

   It improves your spell success rate.
   It affects your intelligence (+6).
   It insulates you from electricity.
   It makes you less stealthy.
Wands
 c - a wand of digging (10)
 E - a wand of acid (20)
 R - a wand of clouds (3)
Scrolls
 e - 38 scrolls of remove curse
 h - 9 scrolls of fog
 j - 14 scrolls of magic mapping
 k - 5 scrolls of blinking
 n - 3 scrolls of summoning
 o - a scroll of brand weapon
 q - 7 scrolls of fear
 C - 3 scrolls of enchant weapon
 O - 12 scrolls of amnesia
 T - 28 scrolls of teleportation
 W - 25 scrolls of identify
 Y - 3 scrolls of silence
Potions
 a - 3 potions of invisibility
 x - 8 potions of agility
 A - 6 potions of resistance
 I - 6 potions of magic
 P - 4 potions of might
 Q - 18 potions of curing
 Z - 3 potions of flight
Books
 r - a manual of Translocations
Miscellaneous
 i - a lamp of fire
 v - the horn of Geryon
 w - a phantom mirror
 G - 2 sacks of spiders
 V - 4 boxes of beasts
Comestibles
 f - 68 rations


   Skills:
 * Level 22.6(22.3) Fighting
 - Level 18.0(17.7) Axes
 * Level 13.1(12.8) Throwing
 + Level 15.0(14.7) Armour
 + Level 12.6(12.4) Dodging
 + Level 11.0(10.8) Stealth
 * Level 23.6(23.3) Shields
 - Level 0.2(0.0) Unarmed Combat
 * Level 17.2(16.9) Spellcasting
 - Level 6.0(5.8) Hexes
 * Level 13.3(13.1) Summonings
 - Level 2.0(1.8) Translocations
 - Level 13.0(12.7) Invocations
 + Level 2.4(2.2) Evocations


You had 52 spell levels left.
You knew the following spells:

 Your Spells              Type           Power        Failure   Level  Hunger
a - Blink                 Tloc           N/A          2%          2    None
z - Confusing Touch       Hex            #####.       1%          1    None
Z - Summon Mana Viper     Hex/Summ       ######..     2%          5    None

Your spell library contained the following spells:

 Spells                   Type           Power        Failure   Level  Hunger
 Apportation              Tloc           ####..       1%          1    None
 Corona                   Hex            #####..      1%          1    None
 Summon Butterflies       Summ           ######..     1%          1    None
 Summon Small Mammal      Summ           ####         1%          1    None
 Call Imp                 Summ           ######..     1%          2    None
 Ensorcelled Hibernation  Hex/Ice        #####.       1%          2    None
 Slow                     Hex            #####...     1%          2    None
 Call Canine Familiar     Summ           ######..     1%          3    None
 Confuse                  Hex            #####...     1%          3    None
 Recall                   Summ/Tloc      N/A          1%          3    None
 Summon Guardian Golem    Hex/Summ       ######..     1%          3    None
 Tukima's Dance           Hex            #####...     1%          3    None
 Aura of Abjuration       Summ           ######....   1%          5    None
 Summon Demon             Summ           ######....   1%          5    None
 Portal Projectile        Hex/Tloc       #####.       2%          3    None
 Summon Ice Beast         Ice/Summ       ######..     2%          4    None
 Summon Lightning Spire   Summ/Air       ######..     2%          4    None
 Shadow Creatures         Summ           N/A          2%          6    #......
 Dazzling Spray           Conj/Hex       #####.       3%          3    None
 Inner Flame              Hex/Fire       #####...     3%          3    None
 Spectral Weapon          Hex/Chrm       #####...     3%          3    None
 Cause Fear               Hex            #####.....   3%          4    None
 Animate Skeleton         Necr           N/A          4%          1    None
 Beastly Appendage        Tmut           ###...       4%          1    None
 Flame Tongue             Conj/Fire      ###..        4%          1    None
 Freeze                   Ice            ###.         4%          1    None
 Infusion                 Chrm           ###.         4%          1    None
 Magic Dart               Conj           ###.         4%          1    None
 Pain                     Necr           ###.         4%          1    None
 Shock                    Conj/Air       ###.         4%          1    None
 Sting                    Conj/Pois      ###.         4%          1    None
 Shroud of Golubria       Chrm/Tloc      ####......   4%          2    None
 Summon Forest            Summ/Tloc      ######....   5%          5    None
 Corpse Rot               Necr           N/A          6%          2    None
 Passwall                 Tmut/Erth      ###.....     6%          2    None
 Poisonous Vapours        Pois/Air       ###...       6%          2    None
 Searing Ray              Conj           ###...       6%          2    None
 Song of Slaying          Chrm           ###.....     6%          2    None
 Sticks to Snakes         Tmut           ###.....     6%          2    None
 Sublimation of Blood     Necr           ###.......   6%          2    None
 Swiftness                Chrm/Air       ###.....     6%          2    None
 Throw Flame              Conj/Fire      ###...       6%          2    None
 Throw Frost              Conj/Ice       ###...       6%          2    None
 Gell's Gravitas          Tloc           ####......   6%          3    None
 Lesser Beckoning         Tloc           ####......   6%          3    None
 Teleport Other           Tloc           ####....     6%          3    None
 Conjure Flame            Conj/Fire      ###.....     12%         3    None
 Ignite Poison            Fire/Tmut/Pois ###.....     12%         3    None
 Mephitic Cloud           Conj/Pois/Air  ###.....     12%         3    None
 Ozocubu's Armour         Chrm/Ice       ###.....     12%         3    None
 Regeneration             Chrm/Necr      ###.......   12%         3    None
 Spider Form              Tmut/Pois      ###.......   12%         3    None
 Static Discharge         Conj/Air       ###.....     12%         3    None
 Stone Arrow              Conj/Erth      ###...       12%         3    None
 Vampiric Draining        Necr           ###.......   12%         3    None
 Fulminant Prism          Conj/Hex       #####.....   12%         4    None
 Leda's Liquefaction      Hex/Erth       #####.....   12%         4    None
 Monstrous Menagerie      Summ           ######....   16%         7    ####...
 Summon Greater Demon     Summ           ######....   16%         7    ####...
 Summon Hydra             Summ           ######....   16%         7    ####...
 Passage of Golubria      Tloc           N/A          21%         4    None
 Force Lance              Conj/Tloc      ####....     28%         4    None
 Metabolic Englaciation   Hex/Ice        #####.....   32%         5    None
 Silence                  Hex/Air        #####.....   32%         5    None
 Yara's Violent Unravell  Hex/Tmut       #####.....   32%         5    None
 Airstrike                Air            ###.......   38%         4    None
 Ice Form                 Ice/Tmut       ###.....     38%         4    None
 Iskenderun's Mystic Bla  Conj           ###.....     38%         4    None
 Olgreb's Toxic Radiance  Pois           ###.....     38%         4    None
 Petrify                  Tmut/Erth      ###.....     38%         4    None
 Sticky Flame             Conj/Fire      ###.....     38%         4    None
 Throw Icicle             Conj/Ice       ###.....     38%         4    None
 Darkness                 Hex            #####.....   47%         6    #......
 Invisibility             Hex            #####...     47%         6    #......
 Alistair's Intoxication  Tmut/Pois      ###.....     71%         5    None
 Blade Hands              Tmut           ###.......   71%         5    None
 Bolt of Draining         Conj/Necr      ###.......   71%         5    None
 Bolt of Magma            Conj/Fire/Erth ###.......   71%         5    None
 Borgnjor's Vile Clutch   Necr/Erth      ###.......   71%         5    None
 Dispel Undead            Necr           ###.....     71%         5    None
 Excruciating Wounds      Chrm/Necr      ###.......   71%         5    None
 Fireball                 Conj/Fire      ###.......   71%         5    None
 Irradiate                Conj/Tmut      ###.......   71%         5    None
 Iskenderun's Battlesphe  Conj/Chrm      ###.....     71%         5    None
 Lee's Rapid Deconstruct  Erth           ###.......   71%         5    None
 Lightning Bolt           Conj/Air       ###.......   71%         5    None
 Venom Bolt               Conj/Pois      ###.......   71%         5    None
 Summon Horrible Things   Summ           ######....   75%         8    ######.
 Malign Gateway           Summ/Tloc      ######....   83%         7    ####...
 Spellforged Servitor     Conj/Summ      ######....   91%         7    ####...
 Bolt of Cold             Conj/Ice       ###.......   99%         6    #......
 Bolt of Fire             Conj/Fire      ###.......   99%         6    #......
 Conjure Ball Lightning   Conj/Air       ###.......   99%         6    #......
 Deflect Missiles         Chrm/Air       ###.......   99%         6    #......
 Freezing Cloud           Conj/Ice/Air   ###.......   99%         6    #......
 Hydra Form               Tmut           ###.......   99%         6    #......
 Iron Shot                Conj/Erth      ###.......   99%         6    #......
 Ozocubu's Refrigeration  Ice            ###.......   99%         6    #......
 Poison Arrow             Conj/Pois      ###.......   99%         6    #......
 Simulacrum               Ice/Necr       ###.......   99%         6    #......
 Orb of Destruction       Conj           ###.......   100%        7    ####...
 Ring of Flames           Chrm/Fire      ###.......   100%        7    ####...
 Chain Lightning          Conj/Air       ###.......   100%        8    ######.
 Discord                  Hex            #####.....   100%        8    ######.
 Ignition                 Fire           ###.......   100%        8    ######.
 Lehudib's Crystal Spear  Conj/Erth      ###.......   100%        8    ######.
 Dragon's Call            Summ           ######....   100%        9    #######
 Fire Storm               Conj/Fire      ###.......   100%        9    #######
 Glaciate                 Conj/Ice       ###.......   100%        9    #######
 Shatter                  Erth           ###.......   100%        9    #######
 Tornado                  Air            ###.......   100%        9    #######


Dungeon Overview and Level Annotations

Branches:
Dungeon (15/15)            Temple (1/1) D:7            Lair (6/6) D:9
 Shoals (4/4) Lair:4       Spider (4/4) Lair:4        Slime (5/5) Lair:6
    Orc (2/2) D:11            Elf (3/3) Orc:2        Vaults (5/5) D:14
  Crypt (3/3) Vaults:3       Tomb (0/3) Crypt:3      Depths (5/5) D:15
   Hell (1/1)                 Dis (0/7) Hell            Geh (0/7) Hell
    Coc (0/7) Hell            Tar (0/7) Hell            Zot (5/5) Depths:5

Altars:
Ashenzari
Cheibriados
Dithmenos
Elyvilon
Fedhas
Gozag
Hepliaklqana
Kikubaaqudgha
Makhleb
Okawaru
Qazlal
Ru
Sif Muna
Trog
Uskayaw
Vehumet
Wu Jian
Xom
Yredelemnul
Zin
The Shining One
Beogh
Jiyva
Lugonu

Shops:
D:4 ?   Orc:2 [%[(=!   Elf:1 [   Vaults:2 =   Vaults:5 ?%%   Depths:1 (
Depths:2 ?[   Depths:3 ==}

Portals:
Hell: Depths:1 Depths:2 Depths:3 Depths:4 Depths:5
Abyss: Depths:1 Depths:2 Depths:4 Depths:5
Pandemonium: Depths:3 Depths:5
Ziggurat: Depths:2

Annotations:
D:6 1 runed door
D:13 , 2 runed doors, Crom's ghost, journeyman HOMo


Innate Abilities, Weirdness & Mutations

You cannot wear boots.
Your serpentine skin is tough. (AC +9)
You have supernaturally acute eyesight. (SInv)
Armour fits poorly on your strangely shaped body.
Your system is resistant to poisons. (rPois)
You cover ground very slowly.
You have a slow metabolism.
You can spit poison.
You can use your snake-like lower body to constrict enemies.
You have sharp fingernails.
You have a pair of small horns on your head.
Your tail ends in a poisonous barb.
You are partially covered in thin metallic scales. (AC +2)
You are clumsy. (Dex -2)
You sometimes yell uncontrollably at your foes.
You do not regenerate when monsters are visible.
You are sometimes teleported next to monsters.
You are very weak. (Str -4)
Your spells are a little easier to cast, but a little less powerful.
You expend magic power (3 MP) to strengthen your wands.


Message History

The fireball explodes!
The fireball engulfs you. You resist.
* * * LOW HITPOINT WARNING * * *
The fireball engulfs the Executioner!!
The Executioner resists.
You hear a deafening roar!
You hear a shout!
You hear a deafening roar!
Unknown command.
Unknown command.
Unknown command.
Unknown command.
* * * LOW HITPOINT WARNING * * *
You feel sick. You block the Executioner's attack.
The Executioner hits you but does no damage.
You block the Executioner's attack. x2
The Executioner hits you but does no damage. x2
The Executioner misses you. The Executioner closely misses you.
The Executioner hits you but does no damage.
The Executioner hits you!
* * * LOW HITPOINT WARNING * * *
The Executioner hits you but does no damage. x2
The Executioner hits you.
You die...

...▓▓▓...................^....▓
....▓▓..§......?.^...........▓▓
°..X.▓...§XX...............?▓▓
.WdDLD.........§...........▓▓
.8.LX▓..§..L................
...1▓▓.D....X.^L........
p..▓▓▓..).).DXX......... ▓▓▓▓
#).§..X..*.1.......
##...X...X.@..^...^
##▓?..............
▓▓▓▓..........^. ▓▓▓▓▓▓▓▓##^..
.. .


You could see an orb of fire, 2 tentacled monstrosities, 2 ancient liches, a
quicksilver dragon, 6 Orb Guardians and an Executioner.

Vanquished Creatures
  the Royal Jelly (Slime:5)
  9 ancient liches
  2 orbs of fire (Zot:5)
  The ghost of Seudayc the Cloud Mage, a legendary MfTm of Cheibriados (Zot:4)
  Boris (twice) (Vaults:4 Vaults:5)
  A Killer Klown (Zot:5)
  3 curse toes
  Geryon (Hell)
  8 golden dragons
  2 profane servitors
  11 bone dragons
  An electric golem (Zot:5)
  2 hellephants (Abyss:1)
  16 tentacled monstrosities
  15 liches
  12 Orb Guardians (Zot:5)
  4 titans (Vaults:5)
  A shard shrike skeleton (Crypt:2)
  The ghost of Tosmoog the Bludgeoner, an adept MiBe of Trog (Shoals:2)
  4 quicksilver dragons
  5 krakens
  4 deep elf blademasters
  5 deep elf master archers (Elf:3)
  7 ancient champions
  17 acid blobs
  26 tentacled starspawn
  An Executioner (Abyss:4)
  Polyphemus (Shoals:2)
  12 death cobs
  Gastronok (Lair:1)
  6 sphinxes
  Donald (Crypt:1)
  9 shadow dragons
  13 azure jellies
  6 storm dragons
  2 draconian monks (Zot:1)
  5 tengu reavers (Vaults:5)
  Ilsuiw (Shoals:2)
  6 fire giants
  4 draconian knights
  3 iron dragons
  A revenant (Crypt:3)
  3 daevas (Abyss:1)
  5 ghost moths
  5 draconian scorchers
  8 vault wardens
  13 frost giants
  3 balrugs
  5 deep elf elementalists
  An angel (Abyss:4)
  6 deep elf sorcerers
  A juggernaut zombie (Crypt:1)
  Louise (Spider:1)
  2 orc warlords
  6 draconian shifters
  3 curse skulls
  5 emperor scorpions
  A draconian stormcaller (Abyss:1)
  14 ironheart preservers
  3 war gargoyles (Vaults:5)
  25 very ugly things
  10 draconian annihilators
  17 stone giants
  15 ghouls
  6 reapers
  A spriggan defender (Depths:1)
  An entropy weaver (Spider:2)
  9 deep elf demonologists
  5 black draconians
  An entropy weaver (shapeshifter) (Vaults:5)
  10 green draconians
  3 lorocyprocas
  4 yellow draconians
  A dire elephant (Abyss:1)
  A minotaur (Gauntlet)
  6 vampire knights
  18 purple draconians
  7 deep elf annihilators
  6 white draconians
  9 red draconians
  2 spark wasps
  A blizzard demon (Hell)
  16 deep elf death magi
  A spectral golden dragon (Zot:4)
  A mummy priest (Hell)
  8 merfolk javelineers
  8 eidola
  6 death oozes (Slime:5)
  2 green deaths
  14 ettins
  13 crystal guardians
  6 merfolk impalers
  9 jiangshi
  2 quicksilver dragon zombies
  2 spectral quicksilver dragons (Zot:4)
  10 fire dragons
  4 deep elf high priests
  The ghost of Houdghis the Martial Artist, a journeyman OpNe of Cheibriados (Lair:5)
  18 yaktaur captains
  Erolcha (D:9)
  20 great orbs of eyes
  9 rakshasas
  An ice dragon (shapeshifter) (D:13)
  30 vault guards
  2 hell beasts (Hell)
  A merfolk avatar (Shoals:2)
  8 hydras
  A spriggan air mage (Depths:4)
  A monstrous demonspawn (Depths:3)
  2 alligator snapping turtles
  6 centaur warriors
  9 ice dragons
  3 tengu warriors
  55 two-headed ogres
  32 dancing weapons
  3 catoblepae
  3 satyrs
  A death knight (Vaults:3)
  2 vampire magi
  24 ogre magi
  Urug (D:11)
  9 deep troll shamans
  A shock serpent (shapeshifter) (Vaults:5)
  12 death yaks
  A spectral storm dragon (Zot:4)
  16 hell hogs
  7 deep troll earth magi
  A titan zombie (Vaults:5)
  3 orc high priests (Orc:2)
  8 sun demons
  A spriggan (Depths:1)
  28 thrashing horrors
  3 spriggan berserkers (Depths:1)
  A storm dragon zombie (Abyss:4)
  26 deep elf knights
  8 soul eaters
  An iron golem (Hell)
  Nergalle (Lair:2)
  5 spatial maelstroms
  8 shadow wraiths
  21 wretched stars
  3 iron trolls (Depths:4)
  A death drake (Abyss:4)
  17 skeletal warriors
  48 large abominations
  2 fire crabs (shapeshifter)
  2 unseen horrors
  8 sixfirhies
  A spectral black draconian (Zot:4)
  A spark wasp zombie (Hell)
  A quicksilver dragon simulacrum (Crypt:2)
  An unseen horror (shapeshifter) (Vaults:3)
  45 deep trolls
  14 sea snakes
  A salamander mystic (Depths:5)
  9 flayed ghosts
  A swamp dragon (shapeshifter) (Vaults:3)
  5 glowing orange brains
  15 wizards
  2 tengu zombies
  22 deep elf archers
  9 phantasmal warriors
  An orange crystal statue (Depths:3)
  2 sphinx zombies (Hell)
  An iron giant skeleton (Crypt:3)
  19 orb spiders
  12 ironbrand convokers
  2 anaconda skeletons
  A wolf spider zombie (Abyss:1)
  A harpy (shapeshifter) (Vaults:2)
  An oklob plant (Lair:5)
  A shining eye (shapeshifter) (Depths:2)
  An iron dragon zombie (Abyss:2)
  77 deep elf magi
  41 ugly things
  A fire giant zombie (Hell)
  35 wolf spiders
  25 harpies
  A manticore (shapeshifter) (Vaults:5)
  19 orc knights
  2 tengu skeletons
  4 stone giant zombies
  An orb spider (shapeshifter) (Depths:3)
  7 worldbinders
  5 shining eyes
  8 necromancers
  11 orc sorcerers
  4 salamanders
  13 manticores
  2 shadow dragon skeletons
  A frost giant zombie (Crypt:3)
  A stone giant skeleton (Vaults:4)
  24 fauns
  9 cyclopes
  11 elephants
  25 moths of wrath
  4 rust devils (Hell)
  18 vault sentinels
  Joseph (Lair:1)
  9 merfolk sirens
  6 black mambas
  A guardian serpent (shapeshifter) (D:13)
  2 guardian serpents
  4 naga magi
  A dire elephant zombie (Abyss:1)
  7 water nymphs
  19 smoke demons
  A water nymph (shapeshifter) (Vaults:3)
  A titan simulacrum (Crypt:2)
  7 apocalypse crabs
  18 spiny frogs
  2 eyes of devastation (Slime:2)
  A shock serpent skeleton (Crypt:3)
  2 gargoyles (D:15)
  11 orange demons
  3 hellions
  A storm dragon simulacrum (Vaults:5)
  A swamp worm zombie (Crypt:2)
  An alligator snapping turtle zombie (Crypt:1)
  A minotaur zombie (Crypt:3)
  11 demonic crawlers
  7 efreet
  A kobold demonologist (Depths:4)
  A catoblepas zombie (Crypt:2)
  An elephant slug zombie (Crypt:1)
  3 anaconda simulacra
  2 rime drakes
  5 komodo dragons
  2 spriggan zombies (Hell)
  45 yaktaurs
  2 hellwings
  A sea snake skeleton (Crypt:1)
  A death yak zombie (Crypt:2)
  23 freezing wraiths
  2 golden dragon simulacra
  4 ice devils
  16 ancient zymes
  A purple draconian skeleton (Crypt:3)
  A tormentor (Hell)
  2 tengu conjurers
  A silent spectre (Abyss:4)
  A green draconian skeleton (Crypt:1)
  6 red devils
  A hydra zombie (Hell)
  14 merfolk
  2 spectral moths of wrath (Zot:4)
  A catoblepas skeleton (Hell)
  A jumping spider (shapeshifter) (Vaults:3)
  4 wind drakes
  2 meliai (shapeshifter)
  A polar bear (Lair:2)
  A ghost moth simulacrum (Zot:4)
  48 jumping spiders
  2 queen bees (shapeshifter)
  12 hornets
  2 trolls (shapeshifter)
  4 tyrant leeches (Lair:6)
  A tyrant leech (shapeshifter) (Vaults:5)
  A wolf spider simulacrum (Crypt:2)
  A hydra skeleton (Hell)
  2 shadow dragon simulacra
  An ettin zombie (Hell)
  98 slime creatures
  8 snapping turtles
  12 trolls
  11 hippogriffs
  Prince Ribbit (D:7)
  A fire dragon zombie (Abyss:2)
  A snapping turtle (shapeshifter) (D:13)
  An alligator zombie (Hell)
  A sphinx simulacrum (Vaults:3)
  A guardian serpent zombie (Crypt:3)
  A draconian simulacrum (Zot:4)
  31 blink frogs
  4 dream sheep (Shoals:2)
  3 bog bodies
  3 fire giant simulacra
  A frost giant simulacrum (Crypt:2)
  61 raiju
  A stone giant simulacrum (Crypt:2)
  2 iron dragon simulacra
  2 air elementals
  A fire dragon skeleton (Crypt:2)
  60 redbacks
  14 flying skulls
  A spriggan (shapeshifter) (Abyss:1)
  An ettin skeleton (Abyss:4)
  39 yaks
  12 wraiths
  Sigmund (D:3)
  Grum (Lair:1)
  4 wyverns
  6 shadows
  26 tarantellas
  A vampire (Abyss:1)
  9 ynoxinuls
  16 water elementals
  13 fire elementals
  A basilisk (Lair:3)
  A wyvern (shapeshifter) (Depths:3)
  8 golden eyes
  8 chaos spawn
  11 neqoxecs
  Eustachio (D:6)
  2 steam dragons
  An elf skeleton (Vaults:4)
  A black draconian simulacrum (Hell)
  2 human simulacra (Vaults:1)
  A yaktaur simulacrum (Vaults:3)
  3 hungry ghosts
  A white draconian simulacrum (Zot:4)
  Menkaure (D:5)
  A warg (Orc:2)
  10 vampire mosquitoes
  Edmund (D:5)
  2 swamp worms (Gauntlet)
  A faun zombie (Crypt:1)
  A gelid demonspawn zombie (Crypt:2)
  3 acid dragons
  2 nagas (Abyss:2)
  9 spatial vortices
  A swamp worm (shapeshifter) (Vaults:2)
  A hydra simulacrum (Crypt:2)
  A torturous demonspawn zombie (Crypt:1)
  5 hell hounds
  9 water moccasins
  2 floating eyes
  A floating eye (shapeshifter) (D:13)
  2 moth of wrath simulacra (Zot:4)
  8 porcupines
  A spiny frog zombie (Hell)
  2 ice beasts
  3 sky beasts
  A sky beast (shapeshifter) (D:13)
  A hornet zombie (D:6)
  A spiny frog skeleton (Hell)
  A deep troll skeleton (Vaults:1)
  40 orc warriors
  2 black bears (D:9)
  2 ettin simulacra
  2 fire dragon simulacra (Crypt:2)
  A blink frog zombie (Crypt:2)
  10 necrophages
  A tengu (shapeshifter) (Vaults:5)
  A black mamba simulacrum (Crypt:2)
  3 eyes of draining
  A phantom (D:14)
  18 centaurs
  13 wolves
  A wolf (shapeshifter) (Abyss:1)
  43 ogres
  12 boggarts
  A blink frog skeleton (Crypt:3)
  A swamp dragon skeleton (Abyss:1)
  9 crocodiles
  3 big kobolds
  45 small abominations
  An elf zombie (Ossuary)
  A rime drake skeleton (Crypt:1)
  26 bullfrogs
  A cyclops zombie (Crypt:3)
  2 wyvern zombies (D:15)
  5 human skeletons
  5 earth elementals
  4 spiny frog simulacra
  A water moccasin skeleton (Crypt:3)
  3 scorpions
  A snapping turtle simulacrum (Crypt:2)
  A killer bee (D:8)
  A troll skeleton (Abyss:2)
  4 wights (D:9)
  6 howler monkeys
  2 electric eels
  A bullfrog zombie (D:12)
  15 crimson imps
  7 quasits
  7 centaur zombies
  2 human zombies
  71 starcursed masses
  6 hounds
  9 iron imps
  5 jellies
  25 orc priests
  4 bullfrog skeletons
  9 centaur skeletons
  Ijyb (D:3)
  Terence (D:2)
  10 hell rats (Hell)
  12 iguanas
  33 orc wizards
  5 worker ants
  A spriggan simulacrum (Crypt:2)
  A big kobold zombie (Ossuary)
  2 hound skeletons
  A hound zombie (D:10)
  2 mummies (Ossuary)
  A worker ant zombie (D:9)
  Robin (D:2)
  4 gnolls (D:8)
  16 adders
  8 shadow imps
  6 white imps
  8 ufetubi
  6 oozes
  2 adder zombies (Ossuary)
  An adder skeleton (D:3)
  7 worms
  10 leopard geckos
  86 orcs
  2 giant cockroaches
  7 goblins
  11 hobgoblins
  11 jackals
  7 quokkas
  13 bats
  4 frilled lizards
  A goblin zombie (Crypt:2)
  11 hobgoblin zombies (Ossuary)
  9 kobolds
  9 kobold zombies (Ossuary)
  2 leopard gecko skeletons
  10 orc zombies
  A quokka skeleton (D:4)
  9 rats
  2 rat zombies (Ossuary)
  5 crawling corpses
  7 fungi
  3 lurking horrors
  30 plants
  33 starspawn tentacles
  17 tentacles
3336 creatures vanquished.

Vanquished Creatures (collateral kills)
  Frederick (Crypt:2)
  A draconian scorcher (Depths:5)
  A curse skull (Crypt:3)
  A ghoul (Crypt:2)
  An eidolon (Crypt:2)
  A deep elf death mage (Vaults:5)
  A hydra (D:12)
  A deep troll earth mage (Depths:5)
  A soul eater (Crypt:2)
  3 shadow wraiths (Crypt:2)
  2 skeletal warriors (Crypt:2)
  A spatial maelstrom (Abyss:2)
  A moth of wrath (Zot:3)
  A bog body (Crypt:3)
  2 starcursed masses (Abyss:1)
  2 large abominations
  A water nymph zombie (Crypt:2)
  A small abomination (Abyss:1)
  A necrophage (Crypt:2)
  A merfolk simulacrum (Crypt:2)
  A spiny frog simulacrum (Hell)
  An orc priest (D:12)
  A hound skeleton (D:4)
  3 orcs
31 creatures vanquished.

Vanquished Creatures (others)
  Nikola (Depths:1)
  A vampire knight (Crypt:3)
  A hell hog (Hell)
  A deep elf knight (Vaults:5)
  An unseen horror (D:13)
  2 jumping spiders
  A raiju (Abyss:4)
  A water elemental (Abyss:5)
  3 golden eyes (Abyss:1)
  A large abomination (Abyss:1)
  An ogre (D:4)
  A boggart (Vaults:3)
  A crimson imp (Hell)
  5 small abominations
  A quasit (Abyss:4)
  A hell rat (Hell)
  2 orcs
  61 fungi
  2 lurking horrors (Abyss:4)
  112 plants
  48 starspawn tentacles
  28 tentacles
  26 withered plants (Crypt:3)
302 creatures vanquished.

Grand Total: 3669 creatures vanquished

Notes
Turn   | Place    | Note
-------+----------+-------------------------------------------
     0 | D:1      | Morbidden the Naga Fighter began the quest for the Orb.
     0 | D:1      | Reached XP level 1. HP: 21/21 MP: 1/1
   271 | D:1      | Reached XP level 2. HP: 28/28 MP: 2/2
   679 | D:2      | Reached XP level 3. HP: 34/34 MP: 3/3
   763 | D:2      | Noticed Terence
   772 | D:2      | Killed Terence
   781 | D:2      | Noticed a scorpion
   785 | D:2      | Reached XP level 4. HP: 28/42 MP: 4/4
   837 | D:2      | Reached skill level 3 in Shields
   943 | D:2      | Reached XP level 5. HP: 17/49 MP: 5/5
  1551 | D:2      | Noticed Robin
  1566 | D:2      | Killed Robin
  2293 | D:3      | Noticed Ijyb
  2360 | D:3      | Killed Ijyb
  2360 | D:3      | Reached XP level 6. HP: 14/57 MP: 6/6
  2823 | D:3      | Found a faded altar of an unknown god.
  3018 | D:3      | Found a basalt altar of Yredelemnul.
  3019 | D:3      | Found a blossoming altar of Fedhas.
  3025 | D:3      | Reached skill level 1 in Dodging
  3194 | D:3      | Noticed Sigmund
  3210 | D:3      | Killed Sigmund
  3210 | D:3      | Reached skill level 5 in Axes
  3540 | D:2      | Found a glowing golden altar of the Shining One.
  3651 | D:4      | Reached XP level 7. HP: 59/66 MP: 7/7
  4013 | D:4      | Found Nuwk's Magic Scroll Emporium.
  4232 | D:4      | Found a sacrificial altar of Ru.
  4433 | D:5      | Entered Level 5 of the Dungeon
  4742 | D:5      | Reached XP level 8. HP: 66/73 MP: 8/8
  4756 | D:5      | Found a burning altar of Makhleb.
  4881 | D:5      | Noticed Menkaure
  4890 | D:5      | Killed Menkaure
  4890 | D:5      | Reached skill level 5 in Fighting
  4928 | D:5      | Noticed Edmund
  4937 | D:5      | Killed Edmund
  5798 | D:6      | Noticed Eustachio
  5819 | D:6      | Killed Eustachio
  5819 | D:6      | Reached XP level 9. HP: 82/82 MP: 9/9
  5825 | D:6      | Reached skill level 4 in Shields
  5844 | D:6      | Found a white marble altar of Elyvilon.
  5844 | D:6      | Noticed an angel
  5845 | D:6      | Found a runed door.
  6012 | D:6      | Reached skill level 1 in Stealth
  6734 | D:7      | Reached skill level 1 in Spellcasting
  6914 | D:7      | Found a staircase to the Ecumenical Temple.
  6946 | D:7      | Noticed Prince Ribbit
  6999 | D:7      | Killed Prince Ribbit
  7054 | D:7      | Found a bloodstained altar of Trog.
  7290 | D:7      | Found a shimmering altar of Xom.
  7379 | Temple   | Entered the Ecumenical Temple
  7456 | Temple   | Became a worshipper of Cheibriados the Contemplative
  7553 | D:8      | Found a sand-covered staircase.
  7559 | Ossuary  | Entered an ossuary
  7725 | Ossuary  | Reached * piety under Cheibriados
  7825 | D:8      | Identified the Disquisition on Venom and Talismans
  7886 | D:8      | Reached XP level 10. HP: 92/92 MP: 12/12
  8017 | D:8      | Reached skill level 1 in Invocations
  8324 | D:8      | Reached skill level 10 in Axes
  8359 | D:8      | Reached ** piety under Cheibriados
  8691 | D:9      | Reached skill level 5 in Armour
  8903 | D:9      | Noticed Erolcha
  8907 | D:9      | Gained mutation: You are robust. (+10% HP) [potion of
                  | mutation]
  8907 | D:9      | Gained mutation: Your body sometimes deteriorates upon
                  | taking damage. [potion of mutation]
  8907 | D:9      | Gained mutation: Your spells are a little harder to cast,
                  | but a little more powerful. [potion of mutation]
  8916 | D:9      | Killed Erolcha
  9263 | D:9      | Reached *** piety under Cheibriados
  9270 | D:9      | Noticed a two-headed ogre
  9294 | D:8      | Killed a two-headed ogre
  9519 | D:9      | Found a staircase to the Lair.
  9531 | D:9      | Reached XP level 11. HP: 88/110 MP: 10/15
  9845 | D:9      | Reached skill level 5 in Shields
 10272 | D:9      | Reached **** piety under Cheibriados
 10280 | D:9      | HP: 5/112 [orc warrior/+0 dire flail of draining (7)]
 11021 | D:10     | Entered Level 10 of the Dungeon
 11730 | D:10     | Reached ***** piety under Cheibriados
 11964 | D:11     | Found a gate leading to a gauntlet.
 11964 | D:11     | Noticed Urug
 11968 | Gauntlet | Entered a Gauntlet
 11968 | Gauntlet | Found a transporter.
 11968 | Gauntlet | Found a transporter.
 11994 | Gauntlet | Found a transporter.
 11997 | Gauntlet | Found a transporter.
 11999 | Gauntlet | Found a large runed translucent door.
 12000 | Gauntlet | Found a large runed translucent door.
 12001 | Gauntlet | Found a large runed translucent door.
 12001 | Gauntlet | Found a large runed translucent door.
 12001 | Gauntlet | Found a runed translucent door.
 12001 | Gauntlet | Found a runed translucent door.
 12002 | Gauntlet | Found a large runed translucent door.
 12003 | Gauntlet | Found a large runed translucent door.
 12004 | Gauntlet | Found a large runed translucent door.
 12004 | Gauntlet | Found a large runed translucent door.
 12005 | Gauntlet | Found a runed translucent gate.
 12005 | Gauntlet | Found a runed translucent gate.
 12005 | Gauntlet | Found a runed translucent gate.
 12007 | Gauntlet | Found a transporter.
 12011 | Gauntlet | Found a transporter.
 12021 | Gauntlet | Found a transporter.
 12021 | Gauntlet | Noticed a balrug
 12053 | Gauntlet | Found a large runed translucent door.
 12053 | Gauntlet | Found a large runed translucent door.
 12054 | Gauntlet | Found a large runed translucent door.
 12055 | Gauntlet | Found a large runed translucent door.
 12056 | Gauntlet | Found a large runed translucent door.
 12056 | Gauntlet | Found a large runed translucent door.
 12057 | Gauntlet | Found a large runed translucent door.
 12058 | Gauntlet | Found a large runed translucent door.
 12060 | Gauntlet | Noticed a large abomination
 12070 | Gauntlet | Found a transporter.
 12070 | Gauntlet | Found a transporter.
 12108 | Gauntlet | Found a transporter.
 12112 | Gauntlet | Found a transporter.
 12122 | Gauntlet | Found a transporter.
 12123 | Gauntlet | Noticed a moth of wrath
 12521 | Gauntlet | Killed a large abomination
 12852 | Gauntlet | Killed a moth of wrath
 12863 | Gauntlet | Got an ancient broad axe
 12865 | Gauntlet | Got a crude silver ring
 12866 | Gauntlet | Identified the +5 broad axe of Alexkahi {venom, +Blink
                  | rElec rF+} (You found it in a Gauntlet)
 12869 | Gauntlet | Identified the ring "Viure" {rPois rN++ Dex+3} (You found
                  | it in a Gauntlet)
 12895 | Gauntlet | Identified the +0 large shield of Love and Death {*Drain
                  | rCorr Int+4 Dex+3}
 12895 | Gauntlet | Noticed a minotaur
 12906 | Gauntlet | Killed a minotaur
 12906 | Gauntlet | Reached XP level 12. HP: 44/123 MP: 2/18
 12951 | Gauntlet | Identified the Volume of Icy Augmentations
 13024 | D:11     | Killed Urug
 13024 | D:11     | Reached skill level 5 in Invocations
 13156 | D:11     | Found an opulent altar of Gozag.
 13159 | D:11     | Found a staircase to the Orcish Mines.
 13809 | D:12     | Got a crude morningstar
 13810 | D:12     | Identified the cursed +0 morningstar of the Blessed Realm
                  | {pain, rElec Str+3 Int-2} (You found it on level 12 of the
                  | Dungeon)
 13958 | D:12     | Noticed a two-headed ogre
 13969 | D:12     | Killed a two-headed ogre
 13984 | D:12     | Reached skill level 6 in Shields
 13997 | D:12     | Noticed an eight-headed hydra
 14013 | D:12     | Killed an eight-headed hydra
 14649 | D:13     | Found a transporter.
 14651 | D:13     | Noticed a white very ugly thing
 14729 | D:13     | Noticed a five-headed hydra
 14739 | D:13     | Killed a one-headed hydra
 14858 | D:13     | Noticed a thrashing horror
 14860 | D:13     | Found a corrupted altar of Lugonu.
 14860 | D:13     | Found a transporter.
 14975 | D:13     | Reached skill level 5 in Spellcasting
 15013 | D:13     | Noticed a catoblepas
 15023 | D:13     | Killed a catoblepas
 15023 | D:13     | Gained mutation: You can use your snake-like lower body to
                  | constrict enemies. [Naga growth]
 15023 | D:13     | Reached XP level 13. HP: 110/133 MP: 15/20
 15232 | D:13     | Found a large runed door.
 15232 | D:13     | Found a large runed door.
 15233 | D:13     | Noticed Crom's ghost (journeyman HOMo)
 15426 | Orc:1    | Entered Level 1 of the Orcish Mines
 15497 | Orc:1    | Reached ****** piety under Cheibriados
 16032 | D:14     | Found a gate to the Vaults.
 16032 | D:14     | Noticed a vault guard
 16032 | D:14     | Noticed a vault guard
 16032 | D:14     | Noticed a vault guard
 16032 | D:14     | Noticed a vault guard
 16040 | D:14     | Killed a vault guard
 16044 | D:14     | Killed a vault guard
 16046 | D:14     | Killed a vault guard
 16052 | D:14     | Killed a vault guard
 16333 | D:14     | Reached skill level 10 in Fighting
 16528 | D:14     | Noticed a rakshasa
 16535 | D:14     | Killed a rakshasa
 16535 | D:14     | Reached skill level 7 in Shields
 16791 | D:15     | Entered Level 15 of the Dungeon
 16874 | D:15     | Reached XP level 14. HP: 107/145 MP: 18/23
 17000 | D:15     | Cast into level 2 of the Abyss (a wizard)
 17049 | Abyss:2  | Noticed a white very ugly thing
 17097 | D:15     | Escaped the Abyss
 17288 | D:15     | Found a staircase to the Depths.
 17415 | D:15     | Found a hazy altar of Hepliaklqana.
 17890 | D:15     | Reached skill level 15 in Axes
 18096 | Lair:1   | Entered Level 1 of the Lair of Beasts
 18141 | Lair:1   | Noticed Gastronok
 18153 | Lair:1   | Killed Gastronok
 18377 | Lair:1   | Noticed Grum
 18390 | Lair:1   | Killed Grum
 18470 | Lair:1   | Noticed Joseph
 18471 | Lair:1   | Paralysed by Joseph for 4 turns
 18479 | Lair:1   | Killed Joseph
 18597 | Lair:1   | You fall through a shaft!
 18656 | Lair:2   | Noticed Nergalle
 18662 | Lair:2   | Killed Nergalle
 18818 | Lair:2   | Reached skill level 1 in Evocations
 20019 | Lair:4   | Reached XP level 15. HP: 151/154 MP: 26/26
 20040 | Lair:4   | Found a hole to the Spider Nest.
 20184 | Lair:4   | Found a staircase to the Shoals.
 21214 | Lair:5   | Found a runed door.
 21214 | Lair:5   | Found a shimmering altar of Xom.
 21214 | Lair:5   | Noticed Houdghis's ghost (journeyman OpNe)
 21215 | Lair:5   | Identified the +10 halberd "Death Rattle" {chaos, rPois rF+
                  | Int+2}
 21633 | Lair:6   | Entered Level 6 of the Lair of Beasts
 21664 | Lair:6   | Reached skill level 8 in Shields
 22160 | Lair:6   | Reached skill level 5 in Stealth
 22219 | Lair:6   | Learned a level 1 spell: Confusing Touch
 22314 | Lair:6   | Found a viscous altar of Jiyva.
 22314 | Lair:6   | Found a staircase to the Slime Pits.
 22337 | Lair:6   | Reached skill level 1 in Hexes
 23053 | Orc:2    | Entered Level 2 of the Orcish Mines
 23199 | Orc:2    | Found a staircase to the Elven Halls.
 23369 | Orc:2    | Reached XP level 16. HP: 157/167 MP: 26/28
 23497 | Orc:2    | Found Fuel's Armour Shoppe.
 23550 | Orc:2    | Found Ciesol's Distillery.
 23603 | Orc:2    | Found Wacesein's Antique Armour Emporium.
 23738 | Orc:2    | Found Eggilla's Jewellery Emporium.
 23747 | Orc:2    | Found Wabovewn's Food Boutique.
 23798 | Orc:2    | Found Jiprarui's Weapon Emporium.
 24025 | Spider:1 | Entered Level 1 of the Spider Nest
 24773 | Spider:1 | Noticed Louise
 24785 | Spider:1 | Killed Louise
 25102 | Spider:2 | Reached skill level 10 in Invocations
 26146 | Spider:3 | Reached skill level 9 in Shields
 26861 | Spider:3 | Reached XP level 17. HP: 75/174 MP: 18/30
 27520 | Spider:4 | Entered Level 4 of the Spider Nest
 27797 | Spider:4 | Paralysed by a hornet for 2 turns
 28182 | Spider:4 | Reached skill level 5 in Dodging
 28480 | Spider:4 | Reached skill level 1 in Throwing
 28950 | Spider:4 | Got a gossamer rune of Zot
 29498 | Elf:1    | Entered Level 1 of the Elven Halls
 29566 | Elf:1    | Found a roughly hewn altar of Beogh.
 29598 | Elf:1    | HP: 7/178 [orc warrior/+0 glaive (24)]
 30020 | Elf:1    | Reached skill level 10 in Spellcasting
 30039 | Elf:1    | Reached XP level 18. HP: 160/187 MP: 28/32
 30292 | Elf:1    | Reached skill level 10 in Shields
 30545 | Elf:1    | Found Mienwatt's Antique Armour Shop.
 31331 | Elf:2    | Found a runed gate.
 31331 | Elf:2    | Found a runed gate.
 31332 | Elf:2    | Found a runed gate.
 31384 | Elf:2    | Found a portal to a secret trove of treasure.
 31436 | Elf:2    | Identified a scroll of acquirement
 31444 | Elf:2    | Got a pair of encrusted gloves
 31455 | Elf:2    | Identified the +2 pair of gloves of Dim Light {*Corrode
                  | rElec rC- Dex+10} (You acquired it on level 2 of the Elven
                  | Halls)
 31731 | Elf:3    | Entered Level 3 of the Elven Halls
 31746 | Elf:3    | Found a huge runed gate.
 31746 | Elf:3    | Found a huge runed gate.
 31747 | Elf:3    | Found a huge runed gate.
 31747 | Elf:3    | Found a huge runed gate.
 31747 | Elf:3    | Found a huge runed gate.
 31758 | Elf:3    | Noticed a deep elf master archer
 31758 | Elf:3    | Noticed a deep elf blademaster
 31758 | Elf:3    | Noticed a deep elf master archer
 31759 | Elf:3    | Noticed a deep elf master archer
 31763 | Elf:3    | Killed a deep elf blademaster
 31763 | Elf:3    | Reached skill level 10 in Armour
 31764 | Elf:3    | Killed a deep elf master archer
 31764 | Elf:3    | Killed a deep elf master archer
 31764 | Elf:3    | Killed a deep elf master archer
 31768 | Elf:3    | Reached skill level 11 in Shields
 32679 | Shoals:1 | Entered Level 1 of the Shoals
 32757 | Shoals:1 | Reached XP level 19. HP: 149/199 MP: 26/33
 33348 | Orc:2    | Bought a +1 naga barding for 360 gold pieces
 34170 | D:4      | Bought a scroll of brand weapon for 260 gold pieces
 34994 | Shoals:2 | You fall through a shaft!
 35092 | Shoals:2 | Noticed Ilsuiw
 35119 | Shoals:2 | Killed Ilsuiw
 35144 | Shoals:2 | Noticed Polyphemus
 35179 | Shoals:2 | Killed Polyphemus
 35539 | Shoals:2 | Reached skill level 12 in Shields
 35622 | Shoals:4 | Entered Level 4 of the Shoals
 36228 | Shoals:2 | Found a runed gate.
 36229 | Shoals:2 | Found a runed gate.
 36229 | Shoals:2 | Noticed Tosmoog's ghost (adept MiBe)
 36236 | Shoals:2 | Found a runed gate.
 36535 | Shoals:2 | Killed Tosmoog's ghost
 36550 | Shoals:2 | Identified the ring of Ynge {+Inv rF- rN+ Int+2 Slay+3}
                  | (You found it on level 2 of the Shoals)
 36640 | Shoals:4 | Identified the Papyrus of the Captivating Birds
 36823 | Shoals:4 | Reached XP level 20. HP: 205/211 MP: 33/35
 37021 | Shoals:4 | Got a barnacled rune of Zot
 37684 | D:13     | Paralysed by a floating eye for 2 turns
 37706 | D:13     | Identified the amulet "Ochoen" {rPois MR+ Regen+} (You
                  | found it on level 13 of the Dungeon)
 37944 | Vaults:1 | Entered Level 1 of the Vaults
 37946 | Vaults:1 | Reached skill level 13 in Shields
 37948 | Vaults:1 | Paralysed by a wizard for 7 turns
 38703 | Vaults:1 | Reached skill level 15 in Fighting
 39754 | Vaults:2 | Found Usumoisu's Jewellery Shop.
 39964 | Vaults:2 | Reached XP level 21. HP: 222/222 MP: 36/36
 40371 | Vaults:3 | Found a staircase to the Crypt.
 40371 | Vaults:3 | Found a basalt altar of Yredelemnul.
 40372 | Vaults:3 | Found an ancient bone altar of Kikubaaqudgha.
 40463 | Vaults:3 | Reached skill level 14 in Shields
 41549 | Vaults:4 | Reached XP level 22. HP: 147/237 MP: 26/38
 42098 | Vaults:4 | Reached skill level 15 in Shields
 42172 | Vaults:4 | Noticed Boris
 42185 | Vaults:4 | Killed Boris
 43259 | Elf:3    | Identified the +7 short sword "Xomenops" {venom, +Blink}
 43283 | Elf:3    | Identified the +6 executioner's axe of Immorality {protect,
                  | Fragile rPois Str+2 Int+2}
 43782 | Elf:3    | Identified the Collected Works on Aerial Companions
 43811 | Elf:3    | Identified the cursed +0 plate armour of Inevitability {rF+
                  | rN+} (You found it on level 3 of the Elven Halls)
 43816 | Elf:3    | Identified the +4 plate armour of the Nightingale {-Tele
                  | rF++} (You found it on level 3 of the Elven Halls)
 43847 | Elf:3    | Identified the Tome of Dislocated Ignition
 43954 | Elf:3    | Learned a level 2 spell: Blink
 43958 | Elf:3    | Learned a level 3 spell: Static Discharge
 43965 | Elf:3    | Learned a level 5 spell: Summon Mana Viper
 44214 | Depths:1 | Entered Level 1 of the Depths
 44283 | Depths:1 | Reached skill level 1 in Summonings
 44290 | Depths:1 | Identified the ring "Mixkocs" {Wiz rElec Int+6 Stlth-}
 44301 | Depths:1 | Noticed Nikola
 44317 | Depths:1 | Reached skill level 1 in Translocations
 44318 | Depths:1 | Killed Nikola
 44341 | Depths:1 | Reached XP level 23. HP: 241/247 MP: 39/39
 44462 | Depths:1 | Found a one-way gate to the infinite horrors of the Abyss.
 44533 | Depths:1 | Found a gateway to Hell.
 44879 | Depths:1 | Found Doraxur's Antique Weapon Shoppe.
 44948 | Depths:2 | Found a gateway to a ziggurat.
 45211 | Depths:2 | Found Omaoxus's Magic Scroll Emporium.
 45212 | Depths:2 | Found Wyekiur's Armour Shoppe.
 45304 | Depths:2 | Reached skill level 16 in Shields
 45958 | Depths:3 | Reached skill level 5 in Throwing
 46119 | Depths:3 | Reached skill level 5 in Hexes
 46593 | Depths:3 | Reached skill level 10 in Dodging
 47122 | Depths:3 | Found Funo Meh's Gadget Boutique.
 47122 | Depths:3 | Found Geniol's Jewellery Emporium.
 47123 | Depths:3 | Found Xitoym's Jewellery Emporium.
 47251 | Depths:3 | Found a one-way gate leading to the halls of Pandemonium.
 47541 | Depths:3 | Found a deep blue altar of Sif Muna.
 47743 | Depths:4 | Reached XP level 24. HP: 259/259 MP: 40/40
 48540 | Depths:4 | Identified Sif Muna's Volume of the Birds and Beguiling
 48567 | Depths:4 | Identified the Tome of Ensnaring Heat
 48589 | Depths:4 | Found a deep blue altar of Sif Muna.
 48620 | Depths:4 | Noticed an ancient lich
 48625 | Depths:4 | Noticed an ancient lich
 48627 | Depths:4 | Killed an ancient lich
 48627 | Depths:4 | Reached skill level 5 in Summonings
 48633 | Depths:4 | Killed an ancient lich
 48640 | Depths:4 | Identified the Volume of the Supportive Glacier
 48642 | Depths:4 | Identified the Grimoire of Dark Rites and Ice
 48653 | Depths:4 | Identified the Tome of Dark Curses
 48751 | Depths:4 | Identified the Almanac of Pathos
 48879 | Depths:5 | Entered Level 5 of the Depths
 48896 | Depths:5 | Paralysed by a floating eye for 2 turns
 48911 | Depths:5 | Reached skill level 17 in Shields
 49004 | Depths:4 | Cast into level 2 of the Abyss (kobold demonologist)
 49012 | Abyss:2  | Identified Sif Muna's Tome of the Bouncing Beds
 49029 | Abyss:2  | Found a corrupted altar of Lugonu.
 49064 | Abyss:2  | Paralysed by accursed screaming for 2 turns
 49135 | Abyss:4  | Found a corrupted altar of Lugonu.
 49570 | Depths:4 | Escaped the Abyss
 49903 | Depths:5 | Reached XP level 25. HP: 242/268 MP: 38/40
 50093 | Depths:5 | Found a gate to the Realm of Zot.
 50653 | Crypt:1  | Entered Level 1 of the Crypt
 50923 | Crypt:1  | Noticed Donald
 50936 | Crypt:1  | Killed Donald
 51343 | D:4      | Bought a scroll of enchant weapon for 97 gold pieces
 51343 | D:4      | Bought a scroll of enchant weapon for 97 gold pieces
 51343 | D:4      | Bought a scroll of enchant weapon for 97 gold pieces
 51994 | Crypt:2  | Noticed Frederick
 52008 | Crypt:2  | Killed Frederick
 52679 | Crypt:2  | Reached skill level 10 in Stealth
 52933 | Crypt:3  | Entered Level 3 of the Crypt
 52951 | Crypt:3  | Found the amulet of the Four Winds {rN+ MR+++ Clar}
 53001 | Crypt:3  | Reached skill level 18 in Shields
 53345 | Crypt:3  | Paralysed by a vampire knight for 7 turns
 53797 | Crypt:3  | Noticed an ancient lich
 53797 | Crypt:3  | Noticed an ancient lich
 54181 | Crypt:3  | Killed an ancient lich
 54181 | Crypt:3  | Reached XP level 26. HP: 274/280 MP: 33/41
 54186 | Crypt:3  | Killed an ancient lich
 54193 | Crypt:3  | Noticed an ancient lich
 54205 | Crypt:3  | Killed an ancient lich
 54215 | Crypt:3  | Got a scorched pewter amulet
 54215 | Crypt:3  | Got a fine amber ring
 54218 | Crypt:3  | Identified the amulet of Dishonesty {+Blink Regen+} (You
                  | found it on level 3 of the Crypt)
 54220 | Crypt:3  | Identified the ring of Fallacy {rC+ rN+ Str+2} (You found
                  | it on level 3 of the Crypt)
 54313 | Crypt:3  | Found a staircase to the Tomb.
 54928 | Lair:5   | Identified the +7 morningstar of the Blessed Realm {crush,
                  | Str+4 Stlth+} (You found it on level 5 of the Lair of
                  | Beasts)
 54952 | Lair:5   | Killed Houdghis's ghost
 55501 | Slime:1  | Entered Level 1 of the Pits of Slime
 55583 | Slime:1  | Gained mutation: You are clumsy. (Dex -2) [a shining eye]
 55890 | Slime:5  | Entered Level 5 of the Pits of Slime
 55893 | Slime:5  | Gained mutation: Your magical capacity is low. (-10% MP) [a
                  | shining eye]
 56181 | Slime:5  | Noticed the Royal Jelly
 56238 | Slime:5  | Killed the Royal Jelly
 56253 | Slime:5  | Gained mutation: Your magical capacity is very low. (-20%
                  | MP) [a shining eye]
 56254 | Slime:5  | Gained mutation: You occasionally shout uncontrollably at
                  | your foes. [a shining eye]
 56254 | Slime:5  | Gained mutation: You are weak. (Str -2) [a shining eye]
 56264 | Slime:5  | Gained mutation: You are occasionally teleported next to
                  | monsters. [a shining eye]
 56271 | Slime:5  | Identified the Grimoire of Quantum Envenoming
 56292 | Slime:5  | Identified the Guide on Black Rituals
 56310 | Slime:5  | Identified the cursed +0 plate armour "Jirruts" {rElec
                  | Int+2 Dex+2} (You found it on level 5 of the Pits of Slime)
 56354 | Slime:5  | Got an encrusted naga barding
 56366 | Slime:5  | Identified the +0 naga barding of the Ancient Orbs {Regen+}
                  | (You acquired it on level 5 of the Pits of Slime)
 56386 | Slime:5  | Got a slimy rune of Zot
 56438 | Slime:5  | Identified the Guide on Congealing Venom
 56510 | Slime:5  | Identified the +5 plate armour of Judwoin {*Drain rF+ Str+3
                  | SInv} (You found it on level 5 of the Pits of Slime)
 56748 | Slime:5  | Lost mutation: You are clumsy. (Dex -2) [potion of
                  | mutation]
 56748 | Slime:5  | Lost mutation: Your magical capacity is very low. (-20% MP)
                  | [potion of mutation]
 56748 | Slime:5  | Gained mutation: You have a pair of small horns on your
                  | head. [potion of mutation]
 56748 | Slime:5  | Gained mutation: You possess an exceptional clarity of
                  | mind. [potion of mutation]
 56749 | Slime:5  | Lost mutation: Your magical capacity is low. (-10% MP)
                  | [potion of mutation]
 56749 | Slime:5  | Lost mutation: Your body sometimes deteriorates upon taking
                  | damage. [potion of mutation]
 56749 | Slime:5  | Lost mutation: Your spells are a little harder to cast, but
                  | a little more powerful. [potion of mutation]
 56749 | Slime:5  | Gained mutation: You are partially covered in thin metallic
                  | scales. (AC +2) [potion of mutation]
 56749 | Slime:5  | Gained mutation: Your tail ends in a poisonous barb.
                  | [potion of mutation]
 56749 | Slime:5  | Gained mutation: Your tail ends in a sharp poisonous barb.
                  | [potion of mutation]
 57183 | Hell     | Entered the Vestibule of Hell
 57183 | Hell     | Noticed Geryon
 57272 | Hell     | Found a gateway to the decaying netherworld of Tartarus.
 57327 | Hell     | Reached skill level 19 in Shields
 57506 | Hell     | Reached XP level 27. HP: 236/291 MP: 39/41
 57578 | Hell     | Killed Geryon
 57991 | Hell     | Found a gateway to the Iron City of Dis.
 58132 | Hell     | Found a gateway to the ashen valley of Gehenna.
 58306 | Hell     | Found a gateway to the freezing wastes of Cocytus.
 58687 | Vaults:5 | Entered Level 5 of the Vaults
 58704 | Vaults:5 | Reached skill level 15 in Spellcasting
 58898 | Vaults:5 | Reached skill level 10 in Throwing
 58926 | Vaults:5 | Reached skill level 10 in Summonings
 59013 | Vaults:5 | Identified the +5 broad axe of Hosiof {vamp, Dex+3} (You
                  | found it on level 5 of the Vaults)
 59060 | Vaults:5 | Got a scorched glass ring
 59061 | Vaults:5 | Identified the ring "Deiggiot" {rCorr rElec Str+4} (You
                  | found it on level 5 of the Vaults)
 59188 | Vaults:5 | Noticed Boris
 59194 | Vaults:5 | Killed Boris
 59398 | Vaults:5 | Identified the +0 chain mail "Bacsun" {rF+ MR+ Str+5}
 59413 | Vaults:5 | Found Sawu Kir's Food Shop.
 59422 | Vaults:5 | Found the +2 hat of the Bear Spirit {Spirit, +Rage rN+
                  | MR++}
 59477 | Vaults:5 | Found Gaur's Food Boutique.
 59505 | Vaults:5 | Found Huosar's Magic Scroll Emporium.
 59521 | Vaults:5 | Got a silver rune of Zot
 59598 | Vaults:5 | Reached skill level 20 in Shields
 59623 | Vaults:5 | Identified the ring of Gero {Str+3 Slay+3}
 59997 | Vaults:5 | Found the +7 great mace "Firestarter" {inner flame, rF++}
 60614 | Zot:1    | Entered Level 1 of the Realm of Zot
 61578 | D:4      | Bought a scroll of enchant armour for 97 gold pieces
 63148 | Zot:3    | Reached skill level 21 in Shields
 63618 | Zot:4    | Found a runed gate.
 63618 | Zot:4    | Found a runed gate.
 63623 | Zot:4    | Found a runed gate.
 63740 | Zot:4    | Noticed Seudayc's ghost (legendary MfTm)
 63781 | Zot:4    | Killed Seudayc's ghost
 64276 | Depths:5 | Voluntarily entered the Abyss.
 64276 | Abyss:1  | Found a corrupted altar of Lugonu.
 65344 | Abyss:4  | Found a corrupted altar of Lugonu.
 65397 | Abyss:4  | Lost mutation: You are robust. (+10% HP) [a neqoxec]
 65671 | Abyss:5  | Entered Level 5 of the Abyss
 65920 | Abyss:5  | Gained mutation: You are sometimes teleported next to
                  | monsters. [a neqoxec]
 65961 | Depths:5 | Escaped the Abyss
 66422 | Depths:5 | Voluntarily entered the Abyss.
 66466 | Abyss:1  | Reached skill level 22 in Shields
 66570 | Depths:5 | Escaped the Abyss
 66572 | Depths:5 | Voluntarily entered the Abyss.
 66730 | Abyss:2  | Identified the cursed +0 lajatang of Turmoil {elec, +Fly
                  | rN+ MR+ Int+3} (You found it on level 2 of the Abyss)
 66736 | Depths:5 | Escaped the Abyss
 66738 | Depths:5 | Voluntarily entered the Abyss.
 66889 | Depths:5 | Escaped the Abyss
 66891 | Depths:5 | Voluntarily entered the Abyss.
 67276 | Abyss:1  | Lost mutation: You possess an exceptional clarity of mind.
                  | [a shining eye]
 67288 | Abyss:1  | Identified the +8 large shield of Giogass {rN+ rCorr Dex+3
                  | Slay+3}
 67398 | Depths:5 | Escaped the Abyss
 67404 | Depths:5 | Voluntarily entered the Abyss.
 67478 | Abyss:1  | Paralysed by accursed screaming for 1 turns
 67666 | Abyss:1  | Found a corrupted altar of Lugonu.
 67756 | Depths:5 | Escaped the Abyss
 67758 | Depths:5 | Voluntarily entered the Abyss.
 67759 | Abyss:1  | Found a corrupted altar of Lugonu.
 67768 | Abyss:1  | Found a corrupted altar of Lugonu.
 67789 | Abyss:1  | Found a corrupted altar of Lugonu.
 68062 | Abyss:1  | Found a radiant altar of Vehumet.
 68084 | Abyss:1  | Found a corrupted altar of Lugonu.
 68138 | Abyss:1  | Paralysed by accursed screaming for 1 turns
 68148 | Abyss:1  | Identified the +2 pair of boots of Summertime {rElec MR+
                  | Dex+4} (You found it on level 1 of the Abyss)
 68278 | Depths:5 | Escaped the Abyss
 68280 | Depths:5 | Voluntarily entered the Abyss.
 68327 | Abyss:1  | Found a corrupted altar of Lugonu.
 68401 | Abyss:1  | Paralysed by accursed screaming for 1 turns
 68432 | Depths:5 | Escaped the Abyss
 68573 | Depths:5 | Voluntarily entered the Abyss.
 69204 | Abyss:4  | Got an abyssal rune of Zot
 69217 | Abyss:5  | Entered Level 5 of the Abyss
 69232 | Depths:5 | Escaped the Abyss
 69507 | Orc:2    | Bought a potion of curing for 39 gold pieces
 69507 | Orc:2    | Bought a potion of heal wounds for 65 gold pieces
 69507 | Orc:2    | Bought a potion of heal wounds for 65 gold pieces
 69507 | Orc:2    | Bought a potion of curing for 39 gold pieces
 69507 | Orc:2    | Bought a potion of agility for 52 gold pieces
 69818 | Elf:2    | Reached skill level 23 in Shields
 69957 | Elf:2    | You paid a toll of 12 potions of heal wounds to enter a
                  | treasure trove
 69958 | Trove    | Entered a treasure trove
 70008 | Trove    | Identified Sif Muna's Handbook of Assistive Bewitchment
 70032 | Trove    | Identified Sif Muna's Incunabulum of Entrancing Summoning
 70374 | Depths:1 | Upgraded the game from 0.23-a0-767-gdc19b93d68 to
                  | 0.24-a0-115-gd155597332
 70560 | Zot:5    | Entered Level 5 of the Realm of Zot
 70623 | Zot:5    | Noticed an ancient lich
 70623 | Zot:5    | Noticed an orb of fire
 70623 | Zot:5    | Noticed an orb of fire
 70623 | Zot:5    | Noticed an ancient lich
 70628 | Zot:5    | Noticed an ancient lich
 70630 | Zot:5    | Killed an orb of fire
 70630 | Zot:5    | Killed an ancient lich
 70630 | Zot:5    | Gained mutation: You sometimes yell uncontrollably at your
                  | foes. [an orb of fire]
 70631 | Zot:5    | Gained mutation: You do not regenerate when monsters are
                  | visible. [an orb of fire]
 70633 | Zot:5    | Killed an ancient lich
 70634 | Zot:5    | Killed an orb of fire
 70660 | Zot:5    | Noticed an ancient lich
 70664 | Zot:5    | Killed an ancient lich
 70665 | Zot:5    | Killed an ancient lich
 70670 | Zot:5    | Reached skill level 15 in Armour
 70695 | Zot:5    | Noticed an orb of fire
 70703 | Zot:5    | Noticed an ancient lich
 70704 | Zot:5    | Gained mutation: You are clumsy. (Dex -2) [an orb of fire]
 70707 | Zot:5    | Noticed an ancient lich
 70709 | Zot:5    | Noticed an orb of fire
 70709 | Zot:5    | Lost mutation: Your tail ends in a sharp poisonous barb.
                  | [potion of mutation]
 70709 | Zot:5    | Lost mutation: You are weak. (Str -2) [potion of mutation]
 70709 | Zot:5    | Gained mutation: You have sharp fingernails. [potion of
                  | mutation]
 70709 | Zot:5    | Gained mutation: Your spells are a little easier to cast,
                  | but a little less powerful. [potion of mutation]
 70709 | Zot:5    | Gained mutation: You expend magic power (3 MP) to
                  | strengthen your wands. [potion of mutation]
 70710 | Zot:5    | Noticed an ancient lich
 70715 | Zot:5    | Noticed an ancient lich
 70716 | Zot:5    | Gained mutation: You are weak. (Str -2) [an orb of fire]
 70717 | Zot:5    | Gained mutation: You are very weak. (Str -4) [an orb of
                  | fire]
 70721 | Zot:5    | HP: 13/277 [ancient lich/poison arrow (4)]
 70722 | Zot:5    | HP: 1/277 [Executioner[an ancient lich] (8)]
 70722 | Zot:5    | Slain by an Executioner

Levels and vault maps discovered:
D:1:      dpeg_arrival_rhombi, minmay_unequal
D:2:      nicolae_overflow_hidden_temple, uniq_robin, uniq_terence
D:3:      gammafunk_temple_overflow_pools,
          chequers_ecumenical_altar_simple_redux, grunt_ministairs_15,
          chequers_serial_rivers_large_b, minmay_circle_x, uniq_sigmund,
          uniq_ijyb
D:4:      lemuel_doored_altar, serial_shops, shop, first_ration
D:5:      makhleb_grotto_becter, grunt_decor_one_mirror, uniq_menkaure,
          uniq_edmund
D:6:      st_stairs_12, lemuel_angel_altar, uniq_eustachio
D:7:      hangedman_cross_stitches, kennysheep_mini_moat,
          minmay_temple_entry_sparse_star, trog_book, uniq_prince_ribbit1
D:8:      nicolae_ossuary_entry_plus, hangedman_little_slice_of_home
D:9:      due_lair_maze_entry_diamond, onia_ninara_cookie, uniq_erolcha
D:10:     bh_walls_and_bars
D:11:     orc_0_dummy, gauntlet_entry_generic,
          nicolae_gozag_cash_rules_everything_around_me, uniq_urug
D:13:     gammafunk_corrupted_shrine, ebering_ghost_disaster_area
D:14:     lightli_vaults_fourway_checkpoint, ebering_dispersal_statue_hall,
          water_boxes_lemuel
D:15:     grunt_enter_depths_magical_seal, lemuel_altar_in_water
Temple:   nicolae_temple_elliptical
Lair:1:   uniq_gastronok, uniq_joseph, uniq_grum
Lair:2:   minivault_27, grunt_megastairs_5, infiniplex_staircase_pool_2,
          uniq_nergalle
Lair:3:   serial_bayou_crossing
Lair:4:   elwin_shoals_entry_rocks, spider_nest_entry_web_field,
          infiniplex_staircase_pool
Lair:5:   ebering_ghost_xom, beast_lair_carwin_11
Lair:6:   minmay_lair_end_frog_pond, slime_altar_1
Shoals:2: ebering_ghost_davey_jones, uniq_ilsuiw, uniq_polyphemus
Shoals:4: shoals_end_grunt_garden
Spider:1: drop_trap, uniq_louise
Spider:4: grunt_spider_rune_parallel, drop_trap, nicolae_spider_cling_ruins
Slime:1:  nicolae_slime_phagocytosis
Orc:2:    st_orc_elflike, serial_shops, nicolae_shop_crystal,
          nicolae_shop_behind_doors
Elf:1:    eino_elf_arrival_customs, serial_shops, shop, special_room,
          minmay_elf_crystal_heptagon
Elf:2:    serial_glass, glass_columns_b, glass_columns_b, glass_columns_b,
          glass_columns_a, feat_on_display, item_on_display_a, feat_on_display,
          enter_trove_1
Elf:3:    elf_hall, door_vault
Vaults:1: hangedman_vaults_slither, grunt_vaults_diagonal, v_misc_12,
          nicolae_vaults_specimen_jars, ontoclasm_vaults_pinch,
          vaults_room_pools, v_alt_pattern_1, v_rooms_1, serial_ice_b,
          nicolae_vaults_little_squares_3, hangedman_vaults_cutoff,
          grunt_vaults_twisty, v_misc_30
Vaults:2: nicolae_vaults_twisting_passages, hangedman_vaults_maws,
          hangedman_vaults_stitches, vaults_dpeg_ring,
          grunt_vaults_hallway_long, ontoclasm_vaults_gateway, serial_shops,
          nicolae_shop_trees
Vaults:3: vaults_room_grunt_arrival_ludios, vaults_mumra_hex,
          minmay_crypt_entry_necro_gods, vaults_room_grid,
          nicolae_vaults_an_arrangement, vaults_dpeg_diagonal,
          nicolae_vaults_alarming, v_pattern_5, v_misc_32, vaults_room_pool,
          hangedman_vaults_maws, nicolae_vaults_little_squares_5,
          vaults_room_stairs_pillars
Vaults:4: nicolae_vaults_murderbox, vaults_mumra_minichess,
          nicolae_vaults_yaktaur_gun_rack, v_misc_2, hangedman_vaults_cutoff,
          ontoclasm_vaults_idyll, nicolae_vaults_network_s,
          nicolae_vaults_diagonal_hallway_8, nicolae_vaults_diagonal_hallway_6,
          vaults_room_door_ring, v_misc_27, vaults_dpeg_encased_lava,
          vaults_mumra_lcd, uniq_boris
Vaults:5: uniq_boris
Crypt:1:  uniq_donald
Crypt:2:  st_chilly_death, grunt_megastairs_2, uniq_frederick
Crypt:3:  david_glass_crypt, tomb_entry_forgotten_bobbens, st_stairs_14,
          feat_on_display
Depths:1: minmay_misc_feat_columns, serial_shops, shop,
          nicolae_abyss_entry_one_way_or_another, lightli_too_deep,
          dk_noncrumbling_2, kilobyte_mutagenic_chamber, firewood_loft,
          uniq_nikola
Depths:2: minmay_angry_zag, enter_ziggurat_b, hell_entry, abyss_entry_crystal,
          serial_bayou_shore_a, grunt_ministairs_2, minmay_staircase_statues,
          minmay_shoptagon, serial_bayou_shore_b
Depths:3: minmay_crystal_thing, rand_demon_pan_entry_4,
          hangedman_decor_clover_reticule, hell_entry,
          infiniplex_staircase_zigzag_2, minmay_shop_grove
Depths:4: evilmike_library_of_no_secrets, chequers_serial_rivers_micro_e,
          hell_entry, marbit_kobold_abyss_entry, drop_trap
Depths:5: evilmike_zot_entry_diamond, abyss_entry_small_statue_room,
          serial_sigils_hangedman_confine, pan_entry, hell_entry
Zot:2:    grunt_megastairs_1
Zot:3:    st_single_dragon_hoard_1
Zot:4:    gammafunk_ghost_necromancy
Zot:5:    layout_basic, nicolae_zot_crop_circle

Skill      XL: |  1  2  3  4  5  6  7  8  9 10 11 12 13 14 15 16 17 18 19 20 21 22 23 24 25 26 27 |
---------------+----------------------------------------------------------------------------------+-----
Axes           | 3 4 5 6 8 9 10 11 13 14 15 16 17 18 | 18.0
Shields        | 3 4 5 6 7 8 9 11 12 13 14 15 16 17 18 19 23 | 23.6
Dodging        | 1 2 3 4 5 6 7 8 9 10 11 12 | 12.6
Fighting       | 4 5 6 7 8 9 10 11 12 13 14 15 16 17 18 19 22 | 22.6
Armour         | 3 4 5 7 8 9 10 11 12 13 15 | 15.0
Stealth        | 1 2 3 4 5 6 7 8 9 10 11 | 11.0
Spellcasting   | 1 3 4 5 6 7 8 9 10 11 12 13 14 17 | 17.2
Invocations    | 3 4 6 7 8 9 10 11 12 13 | 13.0
Evocations     | 1 2 |  2.4
Hexes          | 1 3 4 5 6 |  6.0
Throwing       | 1 3 5 6 8 9 13 | 13.1
Summonings     | 1 4 6 7 9 13 | 13.3
Translocations | 1 2 |  2.0
Unarmed Combat | |  0.2

Action                   |  1- 3 |  4- 6 |  7- 9 | 10-12 | 13-15 | 16-18 | 19-21 | 22-24 | 25-27 || total
-------------------------+-------+-------+-------+-------+-------+-------+-------+-------+-------++-------
Melee: War axe           |    85 |   202 |   529 |   421 |       |       |       |       |       ||  1237
       Unarmed           |       |    13 |       |       |       |       |       |       |       ||    13
       Broad axe         |       |       |       |   181 |   651 |   836 |  1182 |  1037 |  3013 ||  6900
       Scimitar          |       |       |       |     6 |    16 |       |       |       |       ||    22
       Constrict         |       |       |       |       |   168 |   220 |   271 |   182 |   498 ||  1339
       Demon whip        |       |       |       |       |       |       |       |   170 |    66 ||   236
       Tailslap          |       |       |       |       |       |       |       |       |   665 ||   665
       Headbutt          |       |       |       |       |       |       |       |       |   912 ||   912
Throw: Javelin           |       |       |       |       |     4 |    31 |    15 |    63 |    25 ||   138
       Throwing net      |       |       |       |       |       |       |       |       |     2 ||     2
 Cast: Confusing Touch   |       |       |       |       |     1 |     3 |     1 |     1 |     2 ||     8
       Summon Mana Viper |       |       |       |       |       |       |       |       |    79 ||    79
Invok: Slouch            |       |       |       |     2 |       |     9 |     3 |     4 |     7 ||    25
       Bend Time         |       |       |       |     2 |       |     1 |       |       |     2 ||     5
       Step From Time    |       |       |       |       |       |     1 |       |       |     1 ||     2
 Abil: Spit Poison       |     2 |    11 |    20 |    15 |     3 |    22 |     3 |     1 |       ||    77
       Evoke Flight      |       |       |     1 |       |       |       |       |       |       ||     1
Evoke: Wand              |       |       |    11 |    17 |    20 |     5 |    11 |     8 |     4 ||    76
       Lamp of fire      |       |       |       |       |       |       |       |       |     4 ||     4
       Horn of Geryon    |       |       |       |       |       |       |       |       |     3 ||     3
  Use: Potion            |     1 |     5 |     5 |    10 |     2 |     4 |     4 |     2 |     8 ||    41
       Scroll            |       |     1 |    11 |    18 |    10 |     4 |    13 |    22 |    31 ||   110
 Stab: Invisible         |       |       |       |     3 |       |       |       |       |       ||     3
       Paralysed         |       |       |       |     2 |     3 |       |       |       |       ||     5
       Sleeping          |       |       |       |     1 |    15 |     7 |    17 |    16 |     4 ||    60
       Distracted        |       |       |       |       |     1 |       |     4 |     6 |    16 ||    27
       Confused          |       |       |       |       |     5 |     3 |     1 |     2 |     8 ||    19
       Petrified         |       |       |       |       |       |       |    12 |       |       ||    12
       Petrifying        |       |       |       |       |       |       |     4 |       |       ||     4
       Held in net/web   |       |       |       |       |       |       |       |       |     1 ||     1
  Eat: Chunk             |       |     4 |     9 |    11 |    13 |    11 |    12 |    12 |     1 ||    73
       Ration            |       |     1 |     3 |     2 |     3 |     3 |     4 |     3 |    19 ||    38
Armor: Scale mail        |    29 |       |   131 |       |       |       |       |       |       ||   160
       Robe              |     9 |    62 |       |       |       |       |       |       |       ||    71
       Skin              |       |     7 |     2 |       |       |       |       |       |       ||     9
       Plate armour      |       |       |    73 |   217 |       |       |       |       |       ||   290
       Fire dragon scale |       |       |       |   117 |   251 |   444 |   361 |   362 |   573 ||  2108
       Gold dragon scale |       |       |       |       |       |       |       |       |   553 ||   553
Dodge: Dodged            |    39 |    64 |    98 |   112 |   168 |   363 |   321 |   490 |   981 ||  2636
       Deflected         |       |       |       |       |    12 |    28 |    42 |       |       ||    82
Block: Shield            |    47 |   103 |   270 |   267 |       |       |       |       |       ||   687
       Large shield      |       |       |       |   239 |   779 |  1192 |  1340 |  1375 |  3926 ||  8851
       Reflection        |       |       |       |       |       |       |       |       |    58 ||    58

Table legend:
 A = Non-vault XP
 B = Vault XP
 C = Vault XP percentage of total XP
 D = Non-vault monster count
 E = Vault monster count
 F = Vault count percentage of total count
                 A         B        C        D         E       F
            +---------+---------+-------+---------+---------+-------
      Total | 1350204 |  778261 |  36.6 |    2339 |     910 |  28.0
            +---------+---------+-------+---------+---------+-------
        D:1 |      29 |       4 |  12.1 |      17 |       3 |  15.0
        D:2 |     150 |      63 |  29.6 |      33 |       8 |  19.5
        D:3 |      75 |     274 |  78.5 |      13 |      11 |  45.8
        D:4 |     371 |       0 |   0.0 |      18 |       0 |   0.0
        D:5 |     827 |     377 |  31.3 |      26 |       3 |  10.3
        D:6 |     342 |     362 |  51.4 |      11 |       2 |  15.4
        D:7 |     123 |     918 |  88.2 |       9 |       9 |  50.0
        D:8 |    1934 |     220 |  10.2 |      19 |       9 |  32.1
        D:9 |    4483 |    2994 |  40.0 |      39 |      25 |  39.1
       D:10 |    1107 |       0 |   0.0 |      14 |       0 |   0.0
       D:11 |    1332 |     871 |  39.5 |      18 |       1 |   5.3
       D:12 |    5686 |       0 |   0.0 |      50 |       0 |   0.0
       D:13 |    5925 |    4513 |  43.2 |      26 |       8 |  23.5
       D:14 |    7736 |    6269 |  44.8 |      28 |      12 |  30.0
       D:15 |   11908 |    5636 |  32.1 |      38 |       9 |  19.1
     Lair:1 |    3459 |    3371 |  49.4 |      19 |       7 |  26.9
     Lair:2 |    9115 |    1147 |  11.2 |      24 |       2 |   7.7
     Lair:3 |     972 |       0 |   0.0 |       3 |       0 |   0.0
     Lair:4 |    7844 |       0 |   0.0 |      23 |       0 |   0.0
     Lair:5 |    7630 |    2743 |  26.4 |      23 |       4 |  14.8
     Lair:6 |   12506 |   11548 |  48.0 |      30 |      44 |  59.5
   Shoals:1 |   21935 |       0 |   0.0 |      37 |       0 |   0.0
   Shoals:2 |   20007 |   15627 |  43.9 |      34 |      12 |  26.1
   Shoals:3 |   13246 |       0 |   0.0 |      25 |       0 |   0.0
   Shoals:4 |    8068 |   23606 |  74.5 |      11 |      38 |  77.6
   Spider:1 |   12685 |    1601 |  11.2 |      32 |       1 |   3.0
   Spider:2 |   15855 |       0 |   0.0 |      43 |       0 |   0.0
   Spider:3 |   18683 |       0 |   0.0 |      43 |       0 |   0.0
   Spider:4 |   14836 |   23694 |  61.5 |      44 |      53 |  54.6
    Slime:1 |    9164 |    1012 |   9.9 |      24 |       4 |  14.3
    Slime:2 |    9267 |       0 |   0.0 |      15 |       0 |   0.0
    Slime:3 |    5864 |       0 |   0.0 |       6 |       0 |   0.0
    Slime:4 |    8993 |       0 |   0.0 |      20 |       0 |   0.0
    Slime:5 |    6224 |   34206 |  84.6 |      12 |      15 |  55.6
      Orc:1 |    4380 |       0 |   0.0 |      38 |       0 |   0.0
      Orc:2 |    3083 |    8136 |  72.5 |      36 |      25 |  41.0
      Elf:1 |   21150 |   18411 |  46.5 |      35 |      34 |  49.3
      Elf:2 |   13248 |   24759 |  65.1 |      21 |      29 |  58.0
      Elf:3 |   22160 |   50434 |  69.5 |      34 |      36 |  51.4
   Vaults:1 |   35546 |   14897 |  29.5 |      59 |      36 |  37.9
   Vaults:2 |   17895 |   11303 |  38.7 |      26 |      15 |  36.6
   Vaults:3 |   45337 |   29032 |  39.0 |      83 |      43 |  34.1
   Vaults:4 |   51288 |   21849 |  29.9 |      67 |      21 |  23.9
   Vaults:5 |   59802 |  117709 |  66.3 |      76 |      89 |  53.9
    Crypt:1 |   16631 |    1739 |   9.5 |      21 |       1 |   4.5
    Crypt:2 |   29067 |   27289 |  48.4 |      37 |      50 |  57.5
    Crypt:3 |   56167 |   43359 |  43.6 |      66 |      13 |  16.5
   Depths:1 |   22982 |    8591 |  27.2 |      30 |       5 |  14.3
   Depths:2 |   43010 |   11299 |  20.8 |      62 |      10 |  13.9
   Depths:3 |   37611 |   16296 |  30.2 |      42 |      17 |  28.8
   Depths:4 |   28665 |   41350 |  59.1 |      29 |      23 |  44.2
   Depths:5 |   35705 |   18438 |  34.1 |      36 |      10 |  21.7
       Hell |   29602 |   24529 |  45.3 |      45 |      56 |  55.4
      Zot:1 |   57601 |       0 |   0.0 |      35 |       0 |   0.0
      Zot:2 |   51318 |     982 |   1.9 |      28 |       2 |   6.7
      Zot:3 |   64543 |    4576 |   6.6 |      44 |       1 |   2.2
      Zot:4 |   12261 |   14008 |  53.3 |       8 |      15 |  65.2
      Zot:5 |   28528 |   96919 |  77.3 |      15 |      23 |  60.5
    Abyss:1 |  162398 |   13726 |   7.8 |     287 |      11 |   3.7
    Abyss:2 |   37569 |       0 |   0.0 |      83 |       0 |   0.0
    Abyss:3 |   21803 |       0 |   0.0 |      28 |       0 |   0.0
    Abyss:4 |   56710 |   12842 |  18.5 |      89 |      12 |  11.9
    Abyss:5 |   35763 |     396 |   1.1 |      52 |       2 |   3.7
    Ossuary |       0 |     291 | 100.0 |       0 |      39 | 100.0
   Gauntlet |       0 |    4045 | 100.0 |       0 |      12 | 100.0
            +---------+---------+-------+---------+---------+-------
